 Dungeon Sprint DCSS version 0.30-a0-715-gdb4ae3ece1 (webtiles) character file.

Game seed: 9718600371791204024

5155 jt the Grappler (level 10, -14/96 HPs)
             Began as a Pale Draconian Transmuter on Jan 23, 2023.
             Was the Champion of Sif Muna.
             Demolished by a death cob (30 damage)
             ... in the Dungeon (Sprint VII: "The Pits").
             The game lasted 00:08:20 (1422 turns).

jt the Grappler (Pale Draconian Transmuter)         Turns: 1422, Time: 00:08:21

Health: -14/96     AC:  7    Str: 15    XL:     10   Next: 33%
Magic:  19/23      EV: 18    Int: 19    God:    Sif Muna [******]
Gold:   0          SH:  0    Dex: 11    Spells: 3/28 levels left

rFire   . . .      SeeInvis .      - Unarmed
rCold   . . .      Faith    .    (shield currently unavailable)
rNeg    . . .      Spirit   .    (body armour unavailable)
rPois   .          Reflect  .    (helmet restricted)
rElec   .          Harm     .    (no cloak)
rCorr   .          Rampage  .    (gloves currently unavailable)
Will    .....      NoTele   +    (no boots)
Stlth   +                        (no amulet)
HPRegen 0.36/turn                f - +3 ring of evasion
MPRegen 0.18/turn                p - +3 ring of intelligence

@: short of breath, blade hands, spiked, slowed, very slow
A: breathe steam, AC +7, unfitting armour, cold-blooded, steam resistance
a: Breathe Steam, End Transformation, Renounce Religion, Channel Magic, Forget
Spell, Divine Exegesis


You were in the Dungeon.
You worshipped Sif Muna.
Sif Muna was exalted by your worship.
You had blades for hands.
You visited 1 branch

Inventory:

Hand Weapons
 b - a +1 dagger of electrocution
 h - a +2 trident
 n - a +0 heavy trident
 v - a +2 halberd of venom
 w - a +2 rapier of draining
Missiles
 j - 15 stones
Armour
 t - a +0 pair of gloves (melded)
Jewellery
 f - a +3 ring of evasion (left blade hand)
 p - a +3 ring of intelligence (right blade hand)
Scrolls
 g - a scroll of blinking
 k - 4 scrolls of amnesia
 l - a scroll of butterflies
 m - 2 scrolls of vulnerability
Potions
 a - a potion of lignification
 c - 11 potions of heal wounds
 d - a potion of haste
 e - 4 potions of magic
 i - a potion of invisibility
 o - 5 potions of curing
 r - a potion of brilliance
 s - a potion of resistance
 u - a potion of might


   Skills:
 - Level 11.4 Fighting
 - Level 9.8 Dodging
 + Level 12.9 Unarmed Combat
 + Level 9.6 Spellcasting
 - Level 6.0 Hexes
 + Level 10.2 Transmutations
 - Level 3.0 Ice Magic


You had 3 spell levels left.
You knew the following spells:

 Your Spells              Type           Power      Damage    Failure   Level
a - Beastly Appendage     Tmut           94%        N/A       8%          1
b - Wereblood             Tmut           47%        N/A       9%          2
c - Blade Hands           Tmut           23%        N/A       26%         5
d - Yara's Violent Unrav  Hex/Tmut       19%        3d9       41%         5
e - Irradiate             Conj/Tmut      14%        3d16      69%         5
f - Dragon Form           Tmut           23%        N/A       95%         7

Your spell library contained the following spells:

 Spells                   Type           Power      Damage    Failure   Level
 Spider Form              Tmut/Pois      28%        N/A       24%         3
 Portal Projectile        Hex/Tloc       40%        N/A       38%         3
 Kiss of Death            Conj/Necr      36%        2d8       41%         1
 Magic Dart               Conj           36%        1d4       41%         1
 Call Imp                 Summ           9%         N/A       50%         2
 Call Canine Familiar     Summ           9%         N/A       67%         3
 Mephitic Cloud           Conj/Pois/Air  9%         N/A       67%         3
 Ice Form                 Ice/Tmut       34%        N/A       32%         4
 Petrify                  Tmut/Erth      28%        N/A       45%         4
 Fulminant Prism          Conj/Hex       10%        3d9       65%         4
 Leda's Liquefaction      Hex/Erth       10%        N/A       65%         4
 Alistair's Intoxication  Tmut/Pois      18%        N/A       69%         5
 Freezing Cloud           Conj/Ice/Air   6%         6-21      98%         5
 Eringya's Noxious Bog    Tmut/Pois      14%        N/A       98%         6
 Summon Forest            Summ/Tloc      4%         N/A       99%         5
 Starburst                Conj/Fire      4%         6d4       100%        6
 Storm Form               Tmut/Air       14%        N/A       100%        7
 Maxwell's Capacitive Co  Air            4%         ∞         100%        8


Dungeon Overview and Level Annotations

Branches:
Dungeon (1/1)

Altars:
Ashenzari
Cheibriados
Dithmenos
Elyvilon
Fedhas
Gozag
Hepliaklqana
Kikubaaqudgha
Makhleb
Nemelex Xobeh
Okawaru
Qazlal
Ru
Sif Muna
Trog
Uskayaw
Vehumet
Wu Jian
Xom
Yredelemnul
Zin
The Shining One
Jiyva
Lugonu


Innate Abilities, Weirdness & Mutations

You have blades for hands.
Your spellcasting is less reliable in this form.
You are incapable of wielding weapons or throwing items.
You can breathe blasts of scalding, opaque steam.
Your pale cyan-grey scales are hard. (AC +7)
You cannot fit into any form of body armour.
You are cold-blooded and may be slowed by cold attacks.
You are immune to the effects of steam.


Message History

You start memorising the spell.
You continue memorising. x5
You finish memorising.
Spell assigned to 'c'.
A red devil comes into view. It is wielding a +0 trident.
Casting: Irradiate (dangerous; 28% risk of failure)
Confirm with . or Enter, or press ? or * to list all spells.
Your hands turn into razor-sharp scythe blades.
Your +0 pair of gloves melds into your body.
The red devil hits you from afar with a +0 trident!
Barbed spikes become lodged in your body.
The barbs in your skin will harm you if you move.
Continue? [Y]es or [N]o only, please.
The barbs in your skin will harm you if you move.
Continue?
A death cob comes into view.
The barbed spikes dig painfully into your body as you move.
The red devil hits you with a +0 trident!
Barbed spikes become lodged in your body.
You shred the red devil!!!
You kill the red devil!
Sif Muna accepts your kill.
Aiming: Breathe Steam (1% risk of failure)
Press: ? - help, Shift-Dir - straight line, f - death cob
Aim: a death cob (57% to hit)
You exhale a blast of scalding steam.
The ball of steam misses the death cob.
The death cob is engulfed in a cloud of scalding steam. x2
The death cob hits you!! The death cob drains your vigour!
You feel yourself slow down.
You shred the death cob!!! You slash the death cob!
The death cob is severely damaged.
The death cob closely misses you. The death cob misses you.
The death cob is engulfed in a cloud of scalding steam.
The death cob hits you! The death cob drains your vigour!
You feel as though you will be slow longer.
You barely miss the death cob.
The death cob is severely damaged.
The death cob is engulfed in a cloud of scalding steam.
The death cob hits you!
* * * LOW HITPOINT WARNING * * *
The death cob is engulfed in a cloud of scalding steam.
The death cob hits you!!
You die...

#++#########
#......§§§..
#...@z.§....
#..#########
#..# #..# ####
#..# #..# #..#
#..# #..# '..#
#..#
'..##########..#


You could see a death cob.

Vanquished Creatures
  2 orc knights (D)
  A smoke demon (D)
  A gargoyle (D)
  Psyche (D)
  A rime drake (D)
  A red devil (D)
  3 blink frogs (D)
  2 flying skulls (D)
  A basilisk (D)
  An acid dragon (D)
  5 hell hounds (D)
  A small abomination (D)
  5 orc warriors (D)
  An ice beast (D)
  2 ogres (D)
  A centaur (D)
  A wolf (D)
  A bullfrog (D)
  2 scorpions (D)
  A quasit (D)
  An orc priest (D)
  2 hell rats (D)
  2 mummies (D)
  An adder (D)
  A river rat (D)
  A white imp (D)
  A worm (D)
  3 orcs (D)
  A bat skeleton (D)
  An endoplasm (D)
  A giant cockroach (D)
  A hobgoblin (D)
  A quokka (D)
  A ball python (D)
  A giant cockroach zombie (D)
  A kobold (D)
  2 rats (D)
56 creatures vanquished.

Vanquished Creatures (others)
  A warg (D)
  A frilled lizard (D)
2 creatures vanquished.

Grand Total: 58 creatures vanquished

Notes
Turn   | Place    | Note
-------+----------+-------------------------------------------
     0 | D        | jt the Draconian Transmuter began the quest for the Orb.
     0 | D        | Reached XP level 1. HP: 16/16 MP: 3/3
    38 | D        | Found a bloodstained altar of Trog.
    38 | D        | Found a shimmering blue altar of Sif Muna.
    38 | D        | Found a viscous altar of Jiyva.
    38 | D        | Found a hazy altar of Hepliaklqana.
    38 | D        | Found an opulent altar of Gozag.
    39 | D        | Found a glowing golden altar of the Shining One.
    39 | D        | Found a glowing silver altar of Zin.
    39 | D        | Found a basalt altar of Yredelemnul.
    39 | D        | Found a shimmering altar of Xom.
    39 | D        | Found an ornate altar of the Wu Jian Council.
    39 | D        | Found a sacrificial altar of Ru.
    39 | D        | Found a stormy altar of Qazlal.
    39 | D        | Found an iron altar of Okawaru.
    39 | D        | Found a sparkling altar of Nemelex Xobeh.
    39 | D        | Found a burning altar of Makhleb.
    39 | D        | Found a blossoming altar of Fedhas.
    39 | D        | Found a white marble altar of Elyvilon.
    39 | D        | Found a shadowy altar of Dithmenos.
    39 | D        | Found a snail-covered altar of Cheibriados.
    40 | D        | Found a radiant altar of Vehumet.
    40 | D        | Found a corrupted altar of Lugonu.
    41 | D        | Found an ancient bone altar of Kikubaaqudgha.
    41 | D        | Found a hide-covered altar of Uskayaw.
    41 | D        | Found a broken altar of Ashenzari.
    42 | D        | Became a worshipper of Sif Muna the Loreminder
    66 | D        | Reached skill level 5 in Unarmed Combat
    66 | D        | Reached XP level 2. HP: 23/23 MP: 5/5
   104 | D        | Reached * piety under Sif Muna
   117 | D        | Noticed a scorpion
   117 | D        | Noticed a flying skull
   124 | D        | Killed a flying skull
   124 | D        | Reached ** piety under Sif Muna
   125 | D        | Reached skill level 5 in Dodging
   125 | D        | Reached skill level 7 in Unarmed Combat
   125 | D        | Reached XP level 3. HP: 11/38 MP: 6/6
   125 | D        | Reached XP level 4. HP: 13/45 MP: 7/7
   125 | D        | Reached XP level 5. HP: 15/51 MP: 8/8
   127 | D        | Reached skill level 8 in Unarmed Combat
   135 | D        | Learned a level 2 spell: Wereblood
   140 | D        | Learned a level 4 spell: Ice Form
   343 | D        | Reached *** piety under Sif Muna
   344 | D        | Reached skill level 1 in Ice Magic
   344 | D        | Reached XP level 6. HP: 60/60 MP: 5/9
   346 | D        | Noticed a flying skull
   364 | D        | Killed a flying skull
   365 | D        | Reached skill level 9 in Unarmed Combat
   366 | D        | Noticed an ice beast
   372 | D        | Killed an ice beast
   372 | D        | Reached **** piety under Sif Muna
   373 | D        | Your scales start taking on a pale cyan-grey colour.
   373 | D        | Reached XP level 7. HP: 40/69 MP: 8/13
   373 | D        | Gained mutation: You are immune to the effects of steam.
                  | [Pale Draconian growth]
   516 | D        | Reached ***** piety under Sif Muna
   659 | D        | Noticed a gargoyle
   666 | D        | Killed a gargoyle
   667 | D        | Reached skill level 10 in Unarmed Combat
   667 | D        | Reached skill level 5 in Spellcasting
   667 | D        | Reached skill level 5 in Transmutations
   667 | D        | Reached XP level 8. HP: 56/78 MP: 9/16
   667 | D        | Received a gift from Sif Muna
   668 | D        | Got Sif Muna's Lessons on Cloudy Obstruction {god gift}
   675 | D        | Learned a level 5 spell: Yara's Violent Unravelling
   766 | D        | Noticed an orc knight
   768 | D        | Noticed a blink frog
   770 | D        | Reached skill level 1 in Hexes
   771 | D        | Noticed a blink frog
   772 | D        | Noticed a blink frog
   776 | D        | Noticed an orc knight
   776 | D        | Noticed a rime drake
   788 | D        | Killed an orc knight
   789 | D        | Reached skill level 10 in Fighting
   794 | D        | Killed a rime drake
   794 | D        | Received a gift from Sif Muna
   795 | D        | Reached XP level 9. HP: 72/86 MP: 14/19
   799 | D        | Reached skill level 11 in Unarmed Combat
   806 | D        | Killed an orc knight
   814 | D        | Reached skill level 5 in Hexes
   821 | D        | Received a gift from Sif Muna
   825 | D        | Reached ****** piety under Sif Muna
  1030 | D        | Learned a level 5 spell: Irradiate
  1038 | D        | Learned a level 7 spell: Dragon Form
  1059 | D        | Noticed a smoke demon
  1064 | D        | Received a gift from Sif Muna
  1069 | D        | Killed a smoke demon
  1070 | D        | Reached skill level 12 in Unarmed Combat
  1070 | D        | Reached XP level 10. HP: 56/96 MP: 17/22
  1102 | D        | Got Sif Muna's Atlas of Conjuring and Convocation {god
                  | gift}
  1217 | D        | Noticed Psyche
  1225 | D        | Killed Psyche
  1256 | D        | Received a gift from Sif Muna
  1257 | D        | Reached skill level 10 in Transmutations
  1257 | D        | Got Sif Muna's Atlas of Metamorphosis {god gift}
  1407 | D        | Learned a level 5 spell: Blade Hands
  1418 | D        | Noticed a death cob
  1422 | D        | Demolished by a death cob

Illustrated notes

Levels and vault maps discovered:
D:        pitsprint [storerooms_1, entrance_room_1, metal_vault_4, armoury_2,
          mini_pit_1, grid_room_1, main_hall_1, silver_pit, the_coven_3,
          the_vestibule_1, steel_vault_2, golden_pit, hallway_of_sentries,
          crystal_vault_2, iron_vault_1, final_vault]

Skill      XL: |  1  2  3  4  5  6  7  8  9 10 |
---------------+-------------------------------+-----
Unarmed Combat | 5 7 8 9 10 12 | 12.9
Fighting       | 6 7 8 9 10 11 | 11.4
Dodging        | 5 6 7 8 9 |  9.8
Ice Magic      | 1 3 |  3.0
Spellcasting   | 4 5 7 8 9 |  9.6
Transmutations | 4 5 7 8 10 | 10.2
Hexes          | 3 6 |  6.0

Action                     |  1- 3 |  4- 6 |  7- 9 | 10-12 || total
---------------------------+-------+-------+-------+-------++-------
  Melee: Unarmed           |    31 |    28 |    86 |    25 ||   170
         Headbutt          |     3 |     1 |     2 |       ||     6
         Tailslap          |     2 |     3 |     3 |     3 ||    11
         Kick              |     5 |     4 |     4 |       ||    13
         Punch             |       |     1 |     2 |     2 ||     5
   Cast: Beastly Appendage |     4 |     1 |     2 |       ||     7
         Wereblood         |       |     2 |     6 |     1 ||     9
         Ice Form          |       |       |     3 |     1 ||     4
         Irradiate         |       |       |       |     2 ||     2
         Blade Hands       |       |       |       |     1 ||     1
Ability: Breathe Steam     |       |       |     2 |     1 ||     3
         End Transformatio |       |       |       |     1 ||     1
    Use: Potion            |     3 |     1 |     3 |       ||     7
         Scroll            |       |       |       |     1 ||     1
   Stab: Invisible         |       |       |     6 |       ||     6
 Armour: Skin              |     4 |     6 |    12 |     1 ||    23
  Dodge: Dodged            |    22 |    17 |    82 |    25 ||   146

Table legend: (Time is in decaauts)
 A = Elapsed time spent in this place.
 B = Non-inter-level travel time spent in this place.
 C = Inter-level travel time spent in this place.
 D = Time resting spent in this place.
 E = Time spent auto-exploring this place.
 F = Levels seen in this place.
 G = Mean time per level.
                   A        B        C        D        E       F      G
               +--------+--------+--------+--------+--------+-----+--------+
         Total |   1419 |   1330 |     89 |    768 |      0 |   1 | 1419.0 |
       Dungeon |   1419 |   1330 |     89 |    768 |      0 |   1 | 1419.0 |
               +--------+--------+--------+--------+--------+-----+--------+

Top non-repeatable levels by time:
       D: 1419 daAuts
